 Dungeon Crawl Stone Soup version 0.31-a0-246-g8cbcc1cb85 (webtiles) character file.

Game seed: 6071486045685576161

111 gruber the Ruffian (level 4, -4/33 HPs)
             Began as a Demonspawn Shapeshifter on July 12, 2023.
             Slain by Terence
             ... wielding a +0 flail
              (7 damage)
             ... on level 2 of the Dungeon.
             The game lasted 00:01:48 (1308 turns).

gruber the Ruffian (Demonspawn Shapeshifter)        Turns: 1308, Time: 00:01:48

Health: -4/33      AC:  3    Str: 17    XL:     4   Next: 62%
Magic:  0/4        EV: 12    Int: 16    God:
Gold:   78         SH:  0    Dex: 13    Spells: 3/3 levels left

rFire   . .          .
                       - Unarmed
rCold   . . .        (no shield)
rNeg    . . .        a - +0 animal skin
rPois   .            (helmet currently unavailable)
rElec   .            (cloak currently unavailable)
rCorr   .            (gloves currently unavailable)
SInv    .            (boots currently unavailable)
Will    .....        m - amulet of guardian spirit
Stlth   +            d - +6 ring of intelligence
HPRegen 0.25/turn    (no ring)
MPRegen 0.09/turn

%: guardian spirit
@: beast-form
A: beast (slay +1), hooves 1, rugged brown scales 1, powered by death 1
a: no special abilities


You were on level 2 of the Dungeon.
You were a hulking beast.
You visited 1 branch of the dungeon, and saw 2 of its levels.

You collected 78 gold pieces.

Inventory:

Missiles
 f - 5 poisoned darts
Armour
 a - a +0 animal skin (worn)
Jewellery
 d - a +6 ring of intelligence (left hand)
 k - a ring of ice
 m - an amulet of guardian spirit (around neck)
Talismans
 c - a beast talisman
 g - a blade talisman
Scrolls
 e - 2 scrolls of identify {unknown}
 j - a scroll of fog {unknown}
 l - a scroll of revelation {unknown}
 o - a scroll of teleportation {unknown}
 p - a scroll of fear {unknown}
 q - a scroll of amnesia {unknown}
Potions
 b - a potion of lignification
 h - a potion of degeneration {unknown}
 i - a potion of heal wounds {unknown}
 n - a potion of mutation {unknown}
 r - 3 potions of curing {unknown}


   Skills:
 - Level 2.0 Fighting
 - Level 1.7 Dodging
 + Level 4.5 Unarmed Combat
 - Level 2.6 Shapeshifting


You had 3 spell levels left.
You didn't know any spells.
Your spell library was empty.

Dungeon Overview and Level Annotations

Branches:
Dungeon (2/15)

Altars:

Annotations:
D:2 Terence


Innate Abilities, Weirdness & Mutations

You are a hulking beast.
Your limbs bulge with bestial killing power. (Slay +1)
You have large cloven feet.
You are partially covered in rugged brown scales. (AC +1, +3% HP)
You regenerate a little health from kills.


Message History

Terence shouts!
Terence is nearby!
Terence is nearby!
Terence closely misses you.
You hit Terence but do no damage. You kick Terence.
Terence is lightly wounded.
Terence drinks a potion.
Terence goes berserk!
You hit Terence. You kick Terence, but do no damage.
Terence is moderately wounded.
Terence hits you with a +0 flail!
You hit Terence but do no damage.
Terence is moderately wounded.
Terence closely misses you.
You hit Terence. You kick Terence.
Terence is heavily wounded.
Terence barely misses you. x2
You hit Terence but do no damage. You kick Terence, but do no damage.
Terence is heavily wounded.
Terence hits you with a +0 flail!
You hit Terence but do no damage. You kick Terence, but do no damage.
Terence is heavily wounded.
Terence barely misses you. Terence hits you with a +0 flail.
You barely miss Terence. You kick Terence.
Terence is severely wounded.
Terence hits you with a +0 flail!
* * * LOW HITPOINT WARNING * * *
You barely miss Terence. You kick Terence, but do no damage.
Terence is severely wounded.
Terence completely misses you.
You hit Terence. You kick Terence, but do no damage.
Terence is almost dead.
Terence barely misses you. Terence misses you.
You hit Terence but do no damage.
Terence is almost dead.
Terence hits you with a +0 flail.
* * * LOW HITPOINT WARNING * * *
You barely miss Terence. You kick Terence.
Terence is almost dead.
Terence hits you with a +0 flail!
You die...

#
#...##....†......#
#########........#
##.......#
###.....# #..####
##.## #.># ##.#
#h# #@# #.# #.#
#.# #.# #.# ..#


You could see Terence (berserk).

Vanquished Creatures
  Natasha (D:2)
  Robin (D:2)
  An adder (D:2)
  A dart slug (D:2)
  8 endoplasms
  2 giant cockroaches
  13 goblins
  9 hobgoblins
  A quokka (D:1)
  5 ball pythons
  5 bats
  3 frilled lizards
  5 kobolds
  2 rats (D:1)
57 creatures vanquished.

Notes
Turn   | Place    | Note
-------+----------+-------------------------------------------
     0 | D:1      | gruber the Demonspawn Shapeshifter began the quest for the
                  | Orb.
     0 | D:1      | Reached XP level 1. HP: 16/16 MP: 1/1
    17 | D:1      | Reached skill level 2 in Unarmed Combat
   193 | D:1      | Gained mutation: You regenerate a little health from kills.
                  | [demonic ancestry]
   193 | D:1      | Reached XP level 2. HP: 15/22 MP: 2/2
   306 | D:1      | Reached skill level 3 in Unarmed Combat
   463 | D:1      | Gained mutation: You have large cloven feet. [demonic
                  | ancestry]
   463 | D:1      | Reached XP level 3. HP: 27/27 MP: 3/3
  1111 | D:2      | Noticed Robin
  1145 | D:2      | Killed Robin
  1146 | D:2      | Reached skill level 4 in Unarmed Combat
  1146 | D:2      | Gained mutation: You are partially covered in rugged brown
                  | scales. (AC +1, +3% HP) [demonic ancestry]
  1146 | D:2      | Reached XP level 4. HP: 27/33 MP: 2/4
  1228 | D:2      | Noticed Natasha
  1235 | D:2      | Killed Natasha
  1294 | D:2      | Noticed Terence
  1308 | D:2      | Slain by Terence

Illustrated notes

Levels and vault maps discovered:
D:1:      psy_arrival_spokes, layout_basic
D:2:      layout_basic, uniq_natasha, uniq_terence, uniq_robin

Skill      XL: |  1  2  3 |
---------------+----------+-----
Unarmed Combat | 2 3 4 |  4.5
Fighting       | |  2.0
Dodging        | |  1.7
Shapeshifting  | |  2.6

Action                     |  1- 3 |  4- 6 || total
---------------------------+-------+-------++-------
  Melee: Unarmed           |   107 |    29 ||   136
         Punch             |     2 |     2 ||     4
         Kick              |    10 |    15 ||    25
   Stab: Sleeping          |     1 |       ||     1
 Armour: Animal skin       |    15 |     2 ||    17
  Dodge: Dodged            |    47 |    20 ||    67

Table legend: (Time is in decaauts)
 A = Elapsed time spent in this place.
 B = Non-inter-level travel time spent in this place.
 C = Inter-level travel time spent in this place.
 D = Time resting spent in this place.
 E = Time spent auto-exploring this place.
 F = Levels seen in this place.
 G = Mean time per level.
                   A        B        C        D        E       F      G
               +--------+--------+--------+--------+--------+-----+--------+
         Total |   1298 |   1258 |     40 |      0 |    955 |   2 |  649.0 |
       Dungeon |   1298 |   1258 |     40 |      0 |    955 |   2 |  649.0 |
               +--------+--------+--------+--------+--------+-----+--------+

Top non-repeatable levels by time:
     D:1: 1034 daAuts
     D:2: 264 daAuts
